Map: Catallena LE (Void)

Players

Winthrowe

  • Race: Zerg Zerg
  • League: Silver
  • Spawn Location: 5:00

Dexcalibur - Winner!

  • Race: Protoss Protoss
  • League: Gold
  • Spawn Location: 9:00

VOD

Have the link to the VOD?

Description

Time

  • Played on: Aug. 18, 2017, 8:53 p.m.
  • Length: 7:42
Show
View Real Time Build Order
Export as new Build Order

Winthrowe Zerg 

Build Orders: Pool First 

Get SALT Encoding   

  12  0:04  Drone  
  13  0:13  Overlord  
  13  0:18  Extractor  
  13  0:20  Drone  
  13  0:27  Drone  
  14  0:38  Drone  
  15  0:44  Drone  
  16  0:56  Spawning Pool  
  15  0:58  Drone  
  16  1:06  Drone  
  16  1:10  Drone  
  18  1:20  Drone  
  19  1:31  Overlord  
  19  1:49  Zergling x2  
  19  1:50  Hatchery  
  19  1:54  Metabolic Boost  
  19  2:02  Lair  
  19  2:06  Drone  
  20  2:30  Extractor  
  19  2:39  Drone x2  
  19  2:40  Drone  
  19  2:43  Extractor  
  21  2:45  Extractor  
  20  2:59  Drone  
  20  3:00  Queen  
  20  3:01  Queen  
  25  3:12  Drone  
  26  3:17  Drone x3  
  29  3:32  Evolution Chamber  
  29  3:34  Evolution Chamber  
  27  3:37  Pneumatized Carapace  
  27  3:51  Zergling x10  
  32  3:56  Overlord  
  32  4:03  Drone  
  32  4:04  Drone  
  34  4:10  Zerg Melee Weapons Level 1  
  34  4:20  Queen, Zerg Ground Armor Level 1  
  36  4:29  Drone  
  36  4:30  Infestation Pit  
  36  4:32  Drone  
  36  4:34  Drone  
  36  4:37  Drone  
  39  4:41  Drone  
  39  4:43  Drone  
  41  4:47  Drone  
  42  5:01  Drone x2  
  42  5:03  Overlord  
  42  5:04  Overlord  
  44  5:07  Overlord  
  33  5:49  Spore Crawler  
  11  6:07  Zergling x10  
  11  6:08  Zergling x14  
  14  6:38  Drone  
  14  6:39  Drone x4  
  12  6:58  Spore Crawler  
  9  7:08  Zergling x4  
  9  7:12  Zergling x2  
Show
View Real Time Build Order
Export as new Build Order

Dexcalibur Protoss - Winner!

Build Orders: 1 Gate Expand, Dark Templar Rush 

Get SALT Encoding   

  12  0:01  Probe (Chrono Boost)  
  13  0:11  Probe (Chrono Boost)  
  14  0:20  Pylon  
  14  0:23  Probe (Chrono Boost)  
  15  0:38  Gateway  
  15  0:42  Assimilator  
  15  0:45  Probe (Chrono Boost)  
  16  0:56  Probe (Chrono Boost)  
  17  1:06  Probe (Chrono Boost)  
  18  1:25  Nexus  
  18  1:37  Cybernetics Core  
  18  1:41  Probe (Chrono Boost)  
  19  1:53  Probe (Chrono Boost)  
  20  1:57  Assimilator  
  20  2:03  Probe (Chrono Boost)  
  20  2:04  Pylon  
  21  2:14  Warp Gate (Chrono Boost)  
  22  2:15  Probe  
  22  2:27  Probe  
  22  2:28  Twilight Council  
  23  2:39  Probe  
  24  2:47  Probe  
  24  2:49  Robotics Facility  
  25  2:52  Probe  
  25  2:58  Probe  
  26  3:04  Probe  
  28  3:07  Dark Shrine  
  28  3:08  Probe  
  29  3:18  Mothership Core  
  29  3:19  Probe  
  32  3:28  Pylon  
  32  3:29  Probe  
  33  3:39  Probe, Warp Prism  
  36  3:48  Pylon  
  36  3:50  Probe  
  36  3:52  Probe  
  38  4:02  Gateway  
  38  4:04  Gateway, Probe  
  39  4:10  Probe (Chrono Boost)  
  39  4:15  Assimilator  
  39  4:16  Probe (Chrono Boost)  
  41  4:22  Probe (Chrono Boost)  
  42  4:27  Probe (Chrono Boost)  
  43  4:32  Probe (Chrono Boost)  
  43  4:38  Probe (Chrono Boost)  
  45  4:42  Dark Templar  
  47  4:59  Dark Templar  
  49  5:16  Nexus  
  49  5:29  Probe (Chrono Boost)  
  49  5:30  Probe (Chrono Boost)  
  49  5:35  Assimilator  
  51  5:40  Probe x2 (Chrono Boost)  
  53  5:50  Probe (Chrono Boost)  
  53  5:51  Probe (Chrono Boost)  
  55  5:59  Immortal  
  55  6:00  Gateway  
  55  6:01  Probe (Chrono Boost)  
  55  6:02  Probe (Chrono Boost)  
  55  6:03  Gateway  
  61  6:05  Pylon  
  61  6:06  Gateway  
  61  6:09  Gateway  
  61  6:10  Pylon  
  61  6:12  Probe (Chrono Boost)  
  62  6:20  Pylon  
  60  6:41  Immortal  
  60  6:44  Templar Archives  
  64  6:52  Pylon  
  64  6:53  Probe x2 (Chrono Boost)  
  66  6:58  Probe (Chrono Boost)  
  67  7:04  Probe x2 (Chrono Boost)  
  67  7:07  Stalker x6  
  81  7:09  Probe (Chrono Boost)  
  81  7:14  Probe (Chrono Boost)  
  81  7:15  Probe (Chrono Boost)  
  84  7:18  Pylon  
  84  7:19  Pylon, Probe (Chrono Boost)  
  85  7:25  Probe (Chrono Boost)  
  85  7:27  Probe (Chrono Boost)  
  85  7:28  Assimilator  
  87  7:30  Probe (Chrono Boost)  
  87  7:34  Zealot  
  87  7:35  Zealot x5  
Tags
 
Add a new tag
Caveats
  • Supply blocks, unpowered buildings, or Contaminate may cause inaccurate times.
  • Supply counts are checked every 10 seconds.